 Dungeon Crawl Stone Soup version 0.29.0-7-g18a832c13a (webtiles) character file.

Game seed: 12609215435512631630

128 Strat the Slasher (level 5, -3/42 HPs)
             Began as a Formicid Cinder Acolyte on Aug 30, 2022.
             Was a High Priest of Ignis.
             Slain by an iron imp (10 damage)
             ... summoned by Natasha
             ... on level 2 of the Dungeon.
             The game lasted 00:04:17 (2628 turns).

Strat the Slasher (Formicid Cinder Acolyte)         Turns: 2628, Time: 00:04:18

Health: -3/42      AC:  3    Str: 19    XL:     5   Next: 34%
Magic:  1/8        EV: 11    Int: 13    God:    Ignis [*****.]
Gold:   120        SH:  0    Dex:  9    Spells: 6/8 levels left

rFire   + . .      SeeInvis +   a - -1 falchion (flame)
rCold   + . .      Faith    .   (no shield)
rNeg    . . .      Spirit   .   l - +0 leather armour {rPois}
rPois   +          Reflect  .   (helmet unavailable)
rElec   .          Harm     .   (no cloak)
rCorr   .          Rampage  .   (no gloves)
Will    .....                   (no boots)
Stlth   +.........              (no amulet)
HPRegen 0.14/turn               g - ring of protection from cold
MPRegen 0.11/turn               (no ring)

@: attractive
A: permanent stasis, dig shafts and tunnels, antennae 3, four strong arms,
clumsy 1
a: Dig, Shaft Self, Renounce Religion, Fiery Armour, Foxfire Swarm, Rising Flame


You were on level 2 of the Dungeon.
You worshipped Ignis.
Ignis was extremely pleased with you.
You visited 1 branch of the dungeon, and saw 2 of its levels.

You collected 120 gold pieces.

Inventory:

Hand Weapons
 a - a -1 falchion of flaming (weapon)
Missiles
 e - 4 javelins
Armour
 l - a +0 leather armour of poison resistance (worn)
Jewellery
 g - a ring of protection from cold (left hand)
Scrolls
 b - a scroll of immolation {unknown}
 c - 2 scrolls of identify {unknown}
 d - a scroll of enchant weapon {unknown}
 f - a scroll of noise {unknown}
 h - a scroll of butterflies {unknown}
 j - a scroll of teleportation {unknown}
 m - a scroll of silence {unknown}


   Skills:
 - Level 4.0 Fighting
 + Level 4.2 Long Blades
 - Level 2.3 Spellcasting
 - Level 3.5 Fire Magic


You had 6 spell levels left.
You knew the following spells:

 Your Spells              Type           Power      Damage    Failure   Level
a - Scorch                Fire           20%        2d6       11%         2

Your spell library contained the following spells:

 Spells                   Type           Power      Damage    Failure   Level


Dungeon Overview and Level Annotations

Branches:
Dungeon (2/15)

Altars:

Shops:
D:1 (

Annotations:
D:2 Natasha


Innate Abilities, Weirdness & Mutations

You cannot be hasted, slowed, berserked, paralysed or teleported.
You can dig through walls and to a lower floor.
You have a pair of large antennae on your head. (SInv)
Your four strong arms can wield two-handed weapons with a shield.
You are clumsy. (Dex -2)


Message History

The crimson imp hits you but does no damage.
The iron imp hits you!
* * * LOW HITPOINT WARNING * * *
Okay, then.
It was a potion of mutation.
You feel extremely strange.
You feel clumsy.
The crimson imp hits you but does no damage.
The iron imp closely misses you.
It was a potion of attraction.
You feel attractive to monsters.
The iron imp disappears in a puff of smoke!
The crimson imp disappears in a puff of smoke!
You hit Natasha. You burn Natasha.
Natasha is heavily wounded.
Natasha barely misses you.
You hit Natasha but do no damage.
Natasha is heavily wounded.
Natasha barely misses you.
You closely miss Natasha.
Natasha is heavily wounded.
Natasha barely misses you.
Natasha mumbles some strange words.
Casting: Scorch (safe; 11% risk of failure)
Confirm with . or Enter, or press ? or * to list all spells.
Flames lash the iron imp but do no damage.
Natasha mumbles some strange words.
Casting: Scorch (safe; 11% risk of failure)
Confirm with . or Enter, or press ? or * to list all spells.
Flames lash the jackal.
You kill the jackal!
The iron imp barely misses you. Natasha claws you.
* * * LOW HITPOINT WARNING * * *
Casting: Scorch (safe; 11% risk of failure)
Confirm with . or Enter, or press ? or * to list all spells.
You don't have enough magic to cast this spell.
You miss Natasha.
Natasha is moderately wounded.
The iron imp shouts, "Run away, thou currish crook-pated jarkman!"
The iron imp hits you!
You die...

. #.# #.##.# #.#
# ## #.# #.##.#
#.# # #.#
#.##.####.# # #.#
#..<......## #
#.# ####.......#
# #.# #######.###
#.# #.##. #5#
#.##. #@# #....
#h# #..## #K#
.....##
##############r#
#...##...
.....K5ยง.......#
##.# ###.
######h#########
#. #. #{ # #. #.
#. #. { #.


You could see an iron imp (summoned), Natasha, a kobold and a rat.

Vanquished Creatures
  Natasha (D:2)
  An orc wizard (D:2)
  A gnoll (D:1)
  An adder (D:2)
  A dart slug (D:1)
  3 orcs (D:2)
  6 endoplasms
  2 giant cockroaches
  4 goblins
  4 hobgoblins (D:1)
  9 jackals
  2 kobolds
  3 quokkas
  5 ball pythons
  3 bats
  A frilled lizard (D:2)
  2 rats (D:1)
49 creatures vanquished.

Vanquished Creatures (others)
  46 plants (D:1)
46 creatures vanquished.

Grand Total: 95 creatures vanquished

Notes
Turn   | Place    | Note
-------+----------+-------------------------------------------
     0 | D:1      | Strat the Formicid Cinder Acolyte began the quest for the
                  | Orb.
     0 | D:1      | Reached XP level 1. HP: 18/18 MP: 2/2
    34 | D:1      | Reached XP level 2. HP: 24/24 MP: 4/4
    37 | D:1      | Learned a level 2 spell: Scorch
   423 | D:1      | Reached XP level 3. HP: 28/29 MP: 0/5
  1296 | D:1      | Found Kokasaoj's Antique Weapon Boutique.
  1352 | D:1      | Reached XP level 4. HP: 37/37 MP: 4/7
  1627 | D:1      | Found a faded altar of an unknown god.
  2078 | D:2      | Noticed Natasha
  2089 | D:2      | Killed Natasha
  2402 | D:2      | Reached XP level 5. HP: 42/42 MP: 1/8
  2595 | D:2      | Noticed Natasha
  2621 | D:2      | Gained mutation: You are clumsy. (Dex -2) [potion of
                  | mutation]
  2628 | D:2      | Slain by an iron imp

Illustrated notes

Levels and vault maps discovered:
D:1:      spicycebolla_green_bress_n_ham, layout_loops_ring, serial_bayou,
          serial_bayou_pond_e, serial_bayou_pond_c, serial_bayou_pond_a,
          serial_bayou_lagoon_a, serial_shops, nicolae_shop_statue_plus,
          ebering_ecumenical_altar_rust
D:2:      layout_loops_ring, palyth_stone_intersect, grunt_ministairs_7,
          minmay_circle_x, uniq_natasha

Skill      XL: |  1  2  3  4  5 |
---------------+----------------+-----
Spellcasting   | 2 |  2.3
Fighting       | 4 |  4.0
Long Blades    | 4 |  4.2
Fire Magic     | |  3.5

Action                   |  1- 3 |  4- 6 || total
-------------------------+-------+-------++-------
Melee: Falchion          |    40 |    59 ||    99
 Cast: Scorch            |    21 |    16 ||    37
 Abil: Dig               |     1 |       ||     1
  Use: Potion            |       |     2 ||     2
Armor: Robe              |    14 |       ||    14
       Leather armour    |       |    13 ||    13
Dodge: Dodged            |    37 |    30 ||    67
